 Dungeon Crawl Stone Soup version 0.23.0-33-g5e6c059fef (webtiles) character file.

Game seed: 1439947949944779878

1785 Forgol the Poker (level 8, -3/62 HPs)
             Began as a Demonspawn Gladiator on Feb 27, 2019.
             Was a Believer of Okawaru.
             Slain by an orc wizard
             ... wielding a +0 dagger of electrocution
              (13 damage)
             ... on level 7 of the Dungeon.
             The game lasted 00:12:50 (6050 turns).

Forgol the Poker (Demonspawn Gladiator)             Turns: 6050, Time: 00:12:51

Health: -3/62      AC: 12    Str: 16    XL:     8   Next: 81%
Magic:  0/12       EV:  9    Int:  9    God:    Okawaru [**....]
Gold:   322        SH:  0    Dex: 16    Spells: 7/7 levels left

rFire    . . .     SeeInvis .   a - +0 trident
rCold    . . .     Gourm    .   (no shield)
rNeg     . . .     Faith    .   w - +2 chain mail
rPois    .         Spirit   +   C - +1 hat
rElec    .         Reflect  .   (no cloak)
rCorr    .         Harm     .   (no gloves)
MR       .....                  (no boots)
Stlth    ..........             (no amulet)
HPRegen  0.20/turn              p - ring of stealth
MPRegen  0.13/turn              (no ring)

@: about to teleport
A: talons 2, magic shield
a: Heroism, Renounce Religion


You were on level 7 of the Dungeon.
You worshipped Okawaru.
Okawaru was pleased with you.
You were not hungry.

You visited 1 branch of the dungeon, and saw 7 of its levels.

You collected 322 gold pieces.

Inventory:

Hand Weapons
 a - a +0 trident (weapon)
 F - a +0 scythe
Missiles
 d - 3 throwing nets (quivered)
 k - 10 tomahawks
 n - 7 javelins
Armour
 b - a +0 leather armour
 c - a +0 helmet
 s - a +0 ring mail
 w - a +2 chain mail (worn)
 C - a +1 hat (worn)
 D - a +0 scale mail of fire resistance
Jewellery
 p - a ring of stealth (left hand)
Wands
 l - a wand of iceblast (14)
 y - a wand of random effects (19)
Scrolls
 g - 7 scrolls of remove curse
 r - 2 scrolls of noise
 t - a scroll of magic mapping
 A - a scroll of teleportation
 G - a scroll of fog
Potions
 e - a potion of agility
 h - a potion of mutation {unknown}
 i - a potion of berserk rage {unknown}
 j - a potion of flight
 m - a potion of heal wounds {unknown}
 o - a potion of haste {unknown}
 q - a potion of magic {unknown}
 u - 2 potions of lignification
 v - 2 potions of curing {unknown}
 x - a potion of brilliance {unknown}
 z - a potion of might {unknown}
 B - a potion of invisibility {unknown}
Comestibles
 f - 6 rations
 E - 8 chunks of flesh


   Skills:
 + Level 5.0 Fighting
 * Level 6.6 Polearms
 - Level 1.7 Throwing
 + Level 4.0 Armour
 + Level 5.0 Dodging
 + Level 5.7 Invocations


You had 7 spell levels left.
You didn't know any spells.
Your spell library was empty.

Dungeon Overview and Level Annotations

Branches:
Dungeon (7/15)             Temple (0/1) D:5

Altars:
Dithmenos
Gozag
Kikubaaqudgha
Makhleb
Nemelex Xobeh
Okawaru
Sif Muna
Vehumet
Xom
Yredelemnul
The Shining One


Innate Abilities, Weirdness & Mutations

You have razor-sharp toenails.
When hurt, damage is shared between your health and your magic reserves.


Message History

You hear some strange, mumbled words.
A puff of flame appears from out of thin air!
The puff of flame hits you. The orc hits you but does no damage.
You hit the orc. Your kick misses the orc.
The orc is almost dead.
Something hits you but does no damage. The orc barely misses you.
You completely miss the orc. Your kick misses the orc.
The orc is almost dead.
Something hits you but does no damage.
You are electrocuted!!
The orc hits you but does no damage.
You hit the orc but do no damage. Your kick misses the orc.
The orc is almost dead.
Something hits you.
You are electrocuted!
* * * LOW HITPOINT WARNING * * *
The orc hits you but does no damage.
Okay, then.
As you read the scroll of teleportation, it crumbles to dust.
You feel strangely unstable. Something hits you but does no damage.
You are electrocuted!
You die...

... .. .# ...###.#.##
..........$ .
........ . ....#.# #
#. #..#.# .# #
##.#.##..#.# .# .#
.........@.##.#..#
.......[o)........
......)).(....#..# .#
.#.#.####...#.#..#
#.# # ##..#.#..# #.#
#..#.#..# #.#
##.#.##.# #.### #
####...##.# #... .
............###.#####


You could see an orc.

Vanquished Creatures
  Sigmund (D:6)
  A water moccasin (D:6)
  An ice beast (D:6)
  A black bear (D:6)
  A phantom (D:4)
  3 ogres
  Blork the orc (D:5)
  2 bullfrogs (D:6)
  4 crimson imps
  A bullfrog zombie (D:5)
  A quasit (D:6)
  A jelly (D:5)
  3 orc priests (D:4)
  3 orc wizards
  An iguana (D:4)
  4 worker ants
  4 hound skeletons
  2 worker ant zombies
  9 adders
  2 shadow imps
  An ooze (D:3)
  3 worms
  A dart slug (D:1)
  5 leopard geckos
  24 orcs
  7 bats
  4 giant cockroaches
  2 goblins
  4 hobgoblins
  2 jackals (D:7)
  8 kobolds
  4 quokkas
  4 frilled lizards
  A jackal skeleton (D:5)
  A leopard gecko skeleton (D:6)
  A quokka skeleton (D:4)
  7 rats
125 creatures vanquished.

Notes
Turn   | Place    | Note
-------+----------+-------------------------------------------
     0 | D:1      | Forgol the Demonspawn Gladiator began the quest for the
                  | Orb.
     0 | D:1      | Reached XP level 1. HP: 16/16 MP: 1/1
   401 | D:1      | Gained mutation: When hurt, damage is shared between your
                  | health and your magic reserves. [demonic ancestry]
   401 | D:1      | Reached XP level 2. HP: 22/22 MP: 2/2
   667 | D:1      | Reached skill level 3 in Polearms
  1409 | D:2      | Found an iron altar of Okawaru.
  1415 | D:2      | Found a basalt altar of Yredelemnul.
  1430 | D:2      | Became a worshipper of Warmaster Okawaru
  1557 | D:2      | Reached XP level 3. HP: 28/28 MP: 3/3
  1641 | D:2      | Found an opulent altar of Gozag.
  1842 | D:3      | Reached skill level 1 in Armour
  1860 | D:3      | Found a shadowy altar of Dithmenos.
  2078 | D:3      | Found a burning altar of Makhleb.
  2079 | D:3      | Found a shimmering altar of Xom.
  2089 | D:3      | Reached skill level 1 in Invocations
  2089 | D:3      | Reached XP level 4. HP: 23/34 MP: 2/4
  2674 | D:3      | Gained mutation: You have sharp toenails. [demonic
                  | ancestry]
  2674 | D:3      | Reached XP level 5. HP: 35/40 MP: 6/6
  2779 | D:3      | Found a glowing golden altar of the Shining One.
  2975 | D:3      | Found a sparkling altar of Nemelex Xobeh.
  3310 | D:4      | Reached * piety under Okawaru
  3318 | D:4      | Reached skill level 4 in Polearms
  3840 | D:4      | Noticed a phantom
  3864 | D:4      | Killed a phantom
  3864 | D:4      | Gained mutation: You have razor-sharp toenails. [demonic
                  | ancestry]
  3864 | D:4      | Reached XP level 6. HP: 43/47 MP: 5/7
  4201 | D:4      | Found a radiant altar of Vehumet.
  4451 | D:5      | Entered Level 5 of the Dungeon
  4469 | D:5      | Reached XP level 7. HP: 46/52 MP: 5/9
  4500 | D:5      | Found an ancient bone altar of Kikubaaqudgha.
  4567 | D:5      | Found a staircase to the Ecumenical Temple.
  4599 | D:5      | Noticed Blork the orc
  4607 | D:5      | Killed Blork the orc
  4607 | D:5      | Reached skill level 5 in Polearms
  5071 | D:6      | Reached ** piety under Okawaru
  5280 | D:6      | Reached XP level 8. HP: 60/60 MP: 11/11
  5519 | D:6      | Found a deep blue altar of Sif Muna.
  5549 | D:6      | Reached skill level 6 in Polearms
  5674 | D:6      | Noticed Sigmund
  5690 | D:6      | Killed Sigmund
  5690 | D:6      | Reached skill level 5 in Invocations
  6003 | D:7      | Reached skill level 5 in Dodging
  6008 | D:7      | Reached skill level 5 in Fighting
  6050 | D:7      | Slain by an orc wizard

Skill      XL: |  1  2  3  4  5  6  7  8 |
---------------+-------------------------+-----
Polearms       | 3 4 5 6 |  6.6
Armour         | 1 2 3 4 |  4.0
Dodging        | 3 4 5 |  5.0
Invocations    | 1 2 3 4 5 |  5.7
Fighting       | 3 4 5 |  5.0
Throwing       | |  1.7

Action                   |  1- 3 |  4- 6 |  7- 9 || total
-------------------------+-------+-------+-------++-------
Melee: Trident           |    91 |   186 |   252 ||   529
       Kick              |       |    34 |    73 ||   107
       Punch             |       |       |     3 ||     3
Invok: Heroism           |       |     3 |    10 ||    13
  Use: Scroll            |     2 |     7 |     6 ||    15
       Potion            |       |     1 |       ||     1
 Stab: Sleeping          |     2 |       |       ||     2
  Eat: Chunk             |     4 |     4 |     2 ||    10
       Ration            |       |     1 |     1 ||     2
Armor: Leather armour    |    14 |       |       ||    14
       Ring mail         |    15 |    27 |       ||    42
       Chain mail        |       |    71 |   114 ||   185
Dodge: Dodged            |    44 |   101 |   102 ||   247
